 Dungeon Crawl Stone Soup version 0.29-a0-96-g93358da72b (webtiles) character file.

Game seed: 15003629126292963847

72 cyrus the Poker (level 4, -3/37 HPs)
             Began as a Merfolk Fighter on Feb 11, 2022.
             Was a Follower of Wu Jian.
             Killed by nerve-wracking pain
             ... invoked by Jessica
              (13 damage)
             ... on level 2 of the Dungeon.
             The game lasted 00:04:07 (1918 turns).

cyrus the Poker (Merfolk Fighter)                   Turns: 1918, Time: 00:04:07

Health: -3/37      AC:  6    Str: 16    XL:     4   Next: 25%
Magic:  0/4        EV:  9    Int:  7    God:    Wu Jian [*.....]
Gold:   49         SH:  5    Dex: 15    Spells: 3/3 levels left

rFire   . . .      SeeInvis .   a - +0 trident
rCold   . . .      Faith    .   c - +0 buckler
rNeg    . . .      Spirit   +   b - +0 scale mail
rPois   .          Reflect  .   (no helmet)
rElec   .          Harm     .   (no cloak)
rCorr   .          Rampage  .   (no gloves)
Will    .....                   (no boots)
Stlth   ..........              i - amulet of guardian spirit
HPRegen 0.12/turn               (no ring)
MPRegen 0.09/turn               (no ring)

@: no status effects
A: (nimble swimmer 2), mertail
a: Renounce Religion


You were on level 2 of the Dungeon.
You worshipped Wu Jian.
Wu Jian was aware of your devotion.
You visited 1 branch of the dungeon, and saw 2 of its levels.

You collected 49 gold pieces.

Inventory:

Hand Weapons
 a - a +0 trident (weapon)
 j - a +0 spear
Armour
 b - a +0 scale mail (worn)
 c - a +0 buckler (worn)
Jewellery
 e - a ring of ice
 i - an amulet of guardian spirit (around neck)
Scrolls
 d - a scroll of teleportation {unknown}
 f - 3 scrolls of identify {unknown}
 g - a scroll of fear {unknown}
 h - a scroll of summoning {unknown}
Potions
 k - a potion of curing {unknown}
 l - a potion of mutation {unknown}


   Skills:
 + Level 3.7 Fighting
 + Level 4.2 Polearms
 + Level 2.7 Armour
 + Level 0.4 Dodging
 + Level 3.3 Shields


You had 3 spell levels left.
You didn't know any spells.
Your spell library contained the following spells:

 Spells                   Type           Power      Damage    Failure   Level
 Cause Fear               Hex            0%         N/A       100%        4
 Dragon Form              Tmut           0%         N/A       100%        7
 Dragon's Call            Summ           0%         N/A       100%        9


Dungeon Overview and Level Annotations

Branches:
Dungeon (2/15)

Altars:
Ru
Wu Jian

Annotations:
D:2 Jessica


Innate Abilities, Weirdness & Mutations

((You are very nimble when in or above water. (Stealth+, EV+, Speed+++)))
Your lower body shifts to a powerful aquatic tail in water.


Message History

The kobold throws a stone.
The stone completely misses you.
The kobold throws a stone.
The stone hits you but does no damage.
You see here a rat corpse.
The kobold throws a stone.
The stone hits you but does no damage.
The kobold throws a stone.
The stone misses you.
The kobold throws a stone.
The stone hits you but does no damage.
You see here a rat corpse.
Jessica the Apprentice Sorceress comes into view.
She is wielding a +0 dagger and carrying a wand of flame (23).
You see here a rat corpse.
Jessica shouts!
The kobold throws a stone.
The stone barely misses you.
You barely miss the kobold. The kobold barely misses you.
You hit the kobold.
The kobold is moderately wounded.
The kobold hits you but does no damage. x2
Jessica casts a spell.
Jessica seems to speed up.
You puncture the kobold!
You kill the kobold!
The Council accepts your kill. You block the kobold's attack.
Jessica gestures at you while chanting. Pain shoots through your body!
You lunge at Jessica.
You hit Jessica but do no damage.
You spin and attack the kobold.
You completely miss the kobold. You block the kobold's attack.
Jessica hits you but does no damage.
Things that are here:
a +0 dagger; a stone You closely miss Jessica.
Jessica zaps a wand.
The puff of flame hits you. The kobold barely misses you.
Jessica zaps a wand.
The puff of flame hits you! You block the kobold's attack.
You closely miss Jessica. Jessica casts a spell at you.
Pain shoots through your body!
* * * LOW HITPOINT WARNING * * *
You block the kobold's attack.
You hit Jessica but do no damage. You block Jessica's attack.
Jessica casts a spell at you. Pain shoots through your body!
You die...

.# #.# #......#
#.# .# #.#
##....### #.# .#
##.######......#
#.# ###
##...........[.#
##.### ..##
#########..###..#
##....
.....hhh### ##.#
####### .######h#
#†# .....### ..#
#. ##.# ####.#
.## #. #K@# #.
<.# #. #.@...# #.
.######.# #.....#
#. .#..(...#
......# .#.######
......... .#.#
...........
.#.#####
.##.##.......
.#.....# .. #.
..#####
...###.#..


You could see Jessica (fast) and a kobold.

Vanquished Creatures
  A hound (D:2)
  A dart slug (D:1)
  4 endoplasms
  A giant cockroach (D:1)
  4 goblins (D:1)
  5 hobgoblins
  5 jackals (D:2)
  A quokka (D:2)
  2 ball pythons (D:1)
  2 bats (D:1)
  A frilled lizard (D:1)
  4 kobolds
  8 rats
39 creatures vanquished.

Vanquished Creatures (others)
  3 fungi (D:1)
  A plant (D:1)
4 creatures vanquished.

Grand Total: 43 creatures vanquished

Notes
Turn   | Place    | Note
-------+----------+-------------------------------------------
     0 | D:1      | cyrus the Merfolk Fighter began the quest for the Orb.
     0 | D:1      | Reached XP level 1. HP: 18/18 MP: 1/1
   233 | D:1      | Reached XP level 2. HP: 24/24 MP: 2/2
   319 | D:1      | Found a faded altar of an unknown god.
   335 | D:1      | Prayed at the altar of an unknown god.
   335 | D:1      | Became a worshipper of the Wu Jian Council
   335 | D:1      | Reached * piety under Wu Jian
   957 | D:2      | Found a sacrificial altar of Ru.
   987 | D:2      | Reached XP level 3. HP: 29/29 MP: 3/3
  1765 | D:2      | Reached skill level 4 in Polearms
  1765 | D:2      | Reached XP level 4. HP: 24/37 MP: 2/4
  1910 | D:2      | Noticed Jessica
  1918 | D:2      | Killed from afar by Jessica

Illustrated notes

Levels and vault maps discovered:
D:1:      amcnicky_arrival_flooded_fountain, layout_basic,
          shapermc_ecumenical_altar_petra, minmay_misc_feat_square,
          minmay_surrounded
D:2:      layout_basic, serial_co_window_serial, co_window_of_opportunity_a,
          co_window_paths_a, co_window_corner_a, co_window_paths_b,
          co_window_paths_b, co_window_corner_a, co_window_paths_a,
          co_window_corner_a, co_window_corner_a, co_window_cross_3,
          co_window_2corner, co_window_corner_ca, co_window_2corner,
          basic_altar, uniq_sigmund, uniq_jessica

Skill      XL: |  1  2  3 |
---------------+----------+-----
Polearms       | 4 |  4.2
Fighting       | |  3.7
Armour         | |  2.7
Dodging        | |  0.4
Shields        | |  3.3

Action                   |  1- 3 |  4- 6 || total
-------------------------+-------+-------++-------
Melee: Trident           |   111 |     9 ||   120
Invok: Whirlwind         |    13 |     1 ||    14
       Lunge             |     2 |     2 ||     4
  Use: Potion            |     1 |       ||     1
Armor: Scale mail        |    51 |     6 ||    57
Dodge: Dodged            |    39 |     5 ||    44
Block: Buckler           |    19 |     5 ||    24

Table legend: (Time is in decaauts)
 A = Elapsed time spent in this place.
 B = Non-inter-level travel time spent in this place.
 C = Inter-level travel time spent in this place.
 D = Time resting spent in this place.
 E = Time spent auto-exploring this place.
 F = Levels seen in this place.
 G = Mean time per level.
                   A        B        C        D        E       F      G
               +--------+--------+--------+--------+--------+-----+--------+
         Total |   1932 |   1932 |      0 |    255 |   1251 |   2 |  966.0 |
       Dungeon |   1932 |   1932 |      0 |    255 |   1251 |   2 |  966.0 |
               +--------+--------+--------+--------+--------+-----+--------+

Top non-repeatable levels by time:
     D:2: 973 daAuts
     D:1: 959 daAuts
